 Dungeon Crawl Stone Soup version 0.18-a0-1805-g8ab820f (webtiles) character file.

424 MovingMist the Ducker (level 6, -2/48 HPs)
             Began as a Demonspawn Gladiator on Apr 27, 2016.
             Slain by an orc priest
             ... wielding a +0 war axe
              (7 damage)
             ... on level 4 of the Dungeon.
             The game lasted 00:11:15 (2492 turns).

MovingMist the Ducker (Demonspawn Gladiator)        Turns: 2492, Time: 00:11:16

Health: -2/48      AC:  7    Str: 15    XL:     6   Next: 64%
Magic:  6/6        EV: 14    Int: 10    God:
Gold:   119        SH:  0    Dex: 15    Spells: 0 memorised, 5 levels left

rFire  . . .     SeeInvis .     e - +5 quarterstaff (chaos)
rCold  . . .     Gourm    .     m - +3 leather armour
rNeg   . . .     Faith    .     (shield currently unavailable)
rPois  .         Spirit   .     (helmet restricted)
rElec  .         Dismiss  .     n - +0 cloak
rCorr  .         Reflect  .     (no gloves)
SustAt .         Harm     .     (no boots)
MR     .....                    (no amulet)
Stlth  +++.......               (no ring)
                                a - ring of flight

@: not resistant to hostile enchantments, fairly stealthy
A: horns 1, nightstalker 1, rot immunity
a: Evoke Flight


You were on level 4 of the Dungeon.
You were not hungry.

You visited 1 branch of the dungeon, and saw 4 of its levels.

You collected 119 gold pieces.

Inventory:

Hand Weapons
 e - a +5 quarterstaff of chaos (weapon)
Missiles
 d - 2 throwing nets (quivered)
Armour
 b - a +0 leather armour
 c - a +0 helmet
 m - a +3 leather armour (worn)
 n - a +0 cloak (worn)
Jewellery
 a - a ring of flight (left hand)
Wands
 r - a wand of paralysis (13/24)
Scrolls
 q - a scroll of enchant armour {unknown}
Potions
 j - 2 potions of cancellation
 l - a potion of resistance
 o - a potion of might
 p - a potion of degeneration
Comestibles
 f - 4 bread rations
 g - 3 fruits
 h - a beef jerky
 i - 2 meat rations
 k - 11 chunks of flesh


   Skills:
 + Level 4.0 Fighting
 + Level 4.0 Staves
 - Level 1.7 Throwing
 + Level 4.3 Dodging
 + Level 3.0 Stealth


You had 5 spell levels left.
You didn't know any spells.

Dungeon Overview and Level Annotations

Branches:
Dungeon (4/15)
 Temple: D:4-7

Altars:
Makhleb
Pakellas
Ru


Innate Abilities, Weirdness & Mutations

You have a pair of small horns on your head.
You are slightly more attuned to the shadows.
You are immune to rotting.


Message History

a dagger; a robe; an orc corpse Drink which item? (? for menu, Esc to quit)
Okay, then.
You hit the orc priest. You freeze the orc priest.
The orc priest is moderately wounded.
The orc barely misses you. The orc wizard barely misses you.
The orc priest barely misses you. The orc closely misses you.
You closely miss the orc priest.
The orc priest is moderately wounded.
The orc wizard hits you but does no damage.
The orc misses you.
The orc wizard hits you but does no damage.
The orc priest barely misses you. The orc misses you.
You hit the orc priest.
The orc priest is poisoned.
Your headbutt misses the orc priest.
The orc priest is moderately wounded.
The orc wizard barely misses you. The orc hits you with a mace.
* * * LOW HITPOINT WARNING * * *
The orc wizard barely misses you. The orc priest hits you with a war axe!
You die...

## .## ..... ..###
##............ ##..##
#......>......
##(.###
#.............
###..###.............
##..##.............
##........oo......
#......†...@o.....
#...........o......
######.............
##............
##...........
##..........
##.........


You could see an orc priest, an orc wizard and 2 orcs.

Vanquished Creatures
  2 ogres
  An orc priest (D:3)
  An orc wizard (D:4)
  Crazy Yiuf (D:2)
  Terence (D:3)
  A worker ant (D:4)
  3 adders
  An ooze (D:2)
  A worm (D:2)
  3 dart slugs
  4 giant geckos
  6 orcs (D:3)
  A giant cockroach (D:1)
  5 goblins
  10 hobgoblins
  7 kobolds
  A quokka (D:3)
  4 ball pythons
  10 bats
  4 giant newts
  A quokka skeleton (D:4)
  8 rats
76 creatures vanquished.

Notes
Turn   | Place    | Note
--------------------------------------------------------------
     0 | D:1      | MovingMist the Demonspawn Gladiator began the quest for the Orb.
     0 | D:1      | Reached XP level 1. HP: 16/16 MP: 1/1
   159 | D:1      | Gained mutation: You are slightly more attuned to the shadows. [demonic ancestry]
   159 | D:1      | Reached XP level 2. HP: 19/22 MP: 2/2
   686 | D:2      | Reached skill level 1 in Stealth
   686 | D:2      | Reached XP level 3. HP: 24/28 MP: 3/3
   853 | D:2      | Found a sacrificial altar of Ru.
   899 | D:2      | Noticed Crazy Yiuf
   916 | D:2      | Killed Crazy Yiuf
   916 | D:2      | Gained mutation: You are immune to rotting. [demonic ancestry]
   916 | D:2      | Reached XP level 4. HP: 12/34 MP: 4/4
  1497 | D:3      | Noticed an ogre
  1502 | D:3      | Killed an ogre
  1502 | D:3      | Gained mutation: You have a pair of small horns on your head. [demonic ancestry]
  1502 | D:3      | Reached XP level 5. HP: 36/41 MP: 5/5
  1526 | D:3      | Noticed Terence
  1534 | D:3      | Killed Terence
  2028 | D:3      | Reached XP level 6. HP: 45/47 MP: 6/6
  2397 | D:4      | Found a burning altar of Makhleb.
  2397 | D:4      | Found an oddly glowing altar of Pakellas.
  2492 | D:4      | Slain by an orc priest

Vault maps used:
D:1:      eino_arrival_water_star
D:2:      nicolae_overflow_hidden_temple, first_bread, uniq_crazy_yiuf_cottage
D:3:      wad_lake_hut, uniq_terence
D:4:      gammafunk_temple_overflow_statue, kennysheep_donut, minmay_bad_closet

Skill      XL: |  1  2  3  4  5  6 |
---------------+-------------------+-----
Dodging        | 3 4 |  4.3
Stealth        | 1 2 3 |  3.0
Staves         | 3 4 |  4.0
Fighting       | 3 4 |  4.0
Throwing       | |  1.7

Action                   |  1- 3 |  4- 6 || total
-------------------------+-------+-------++-------
Melee: Quarterstaff      |   111 |    90 ||   201
       Headbutt          |       |     6 ||     6
Throw: Throwing net      |       |     3 ||     3
  Use: Scroll            |    11 |     5 ||    16
       Potion            |     1 |       ||     1
 Stab: Sleeping          |     4 |     7 ||    11
       Held in net/web   |       |     1 ||     1
  Eat: Chunk             |       |     5 ||     5
Armor: Leather armour    |    37 |    41 ||    78
Dodge: Dodged            |   104 |    56 ||   160
